 Dungeon Crawl Stone Soup version 0.31.0-2-g5a2aebc5c2 (webtiles) character file.

Game seed: 5317759710846705882

10195 Esekla the Thaumaturge (level 11, -6/57 HPs)
             Began as a Vine Stalker Warper on Jan 20, 2024.
             Was a Priest of Vehumet.
             Mangled by a freezing wraith (17 damage)
             ... on level 10 of the Dungeon.
             The game lasted 01:09:20 (10500 turns).

Esekla the Thaumaturge (Vine Stalker Warper)       Turns: 10500, Time: 01:09:20

Health: -6/57      AC: 11    Str: 15    XL:     11   Next: 58%
Magic:  0/24       EV: 12    Int: 17    God:    Vehumet [***...]
Gold:   615        SH: 10    Dex: 13    Spells: 12/27 levels left

rFire   . . .        a - +0 long sword
rCold   . . .        B - +0 buckler
rNeg    . . .        D - +3 leather armour {Will+}
rPois   .            k - +1 helmet
rElec   .            K - +1 cloak
rCorr   .            (no gloves)
SInv    .            A - +0 pair of boots
Will    ++...        C - amulet of reflection
Stlth   ++           u - ring of wizardry
HPRegen 1.09/turn    x - +4 ring of slaying
MPRegen 0.19/turn

%: reflection, guardian spirit, wizardry (x1)
@: slowed, very slow
A: fangs 3, regeneration 1, magic shield, antimagic bite, no potion heal 2, no
forms
a: Renounce Religion


You were on level 10 of the Dungeon.
You worshipped Vehumet.
Vehumet was most pleased with you.
You visited 2 branches of the dungeon, and saw 13 of its levels.

You collected 656 gold pieces.
You spent 41 gold pieces at shops.

Inventory:

Hand Weapons
 a - a +0 long sword (weapon)
 r - a +2 spear of freezing
 s - a +1 dagger of freezing
Missiles
 d - 3 darts of dispersal
 l - 19 boomerangs
 v - 17 poisoned darts (quivered)
Armour
 j - a +0 troll leather armour
 k - a +1 helmet (worn)
 A - a +0 pair of boots (worn)
 B - a +0 buckler (worn)
 D - a +3 leather armour of willpower (worn)
 G - a +2 robe of fire resistance
 K - a +1 cloak (worn)
Jewellery
 i - an amulet of regeneration
 u - a ring of wizardry (left hand)
 x - a +4 ring of slaying (right hand)
 C - an amulet of reflection (around neck)
Wands
 y - a wand of digging (4)
Scrolls
 e - 3 scrolls of fog {unknown}
 h - 5 scrolls of teleportation
 m - a scroll of amnesia {unknown}
 n - a scroll of fear
 o - a scroll of summoning {unknown}
 p - a scroll of enchant armour {unknown}
 t - 2 scrolls of enchant weapon {unknown}
 F - 3 scrolls of revelation {unknown}
 H - a scroll of torment {unknown}
Potions
 b - a potion of might {unknown}
 c - a potion of attraction {unknown}
 f - 5 potions of curing
 g - 3 potions of mutation
 q - 2 potions of brilliance
 z - a potion of enlightenment {unknown}
 E - a potion of haste {unknown}
 I - a potion of ambrosia {unknown}
 J - a potion of lignification {unknown}


   Skills:
 * Level 6.3 Fighting
 + Level 6.6 Long Blades
 + Level 3.2 Throwing
 + Level 3.6 Armour
 + Level 4.3 Dodging
 + Level 2.6 Stealth
 - Level 4.2 Shields
 * Level 8.6 Spellcasting
 * Level 4.0 Conjurations
 + Level 4.1 Translocations
 * Level 2.2 Fire Magic
 + Level 5.9 Ice Magic
 * Level 1.6 Air Magic
 * Level 1.0 Alchemy


You had 12 spell levels left.
You knew the following spells:

 Your Spells              Type           Power      Damage    Failure   Level
b - Blink                 Tloc           42%        N/A       1%          2
i - Iskenderun's Mystic   Conj/Tloc      21%        2d6       3%          4
o - Scorch                Fire           28%        2d6       1%          2
r - Frozen Ramparts       Ice            54%        1d9       1%          3
y - Sticky Flame          Fire/Alch      12%        2d5       9%          4

Your spell library contained the following spells:

 Spells                   Type           Power      Damage    Failure   Level
 Freeze                   Ice            100%       1d10      1%          1
 Lesser Beckoning         Tloc           42%        N/A       1%          2
 Momentum Strike          Conj/Tloc      42%        3d9       1%          2
 Hailstorm                Conj/Ice       24%        3d7       1%          3
 Volatile Blastmotes      Fire/Tloc      36%        2d13      1%          3
 Ensorcelled Hibernation  Hex/Ice        34%        N/A       2%          2
 Dazzling Flash           Conj/Hex       28%        N/A       2%          3
 Teleport Other           Tloc           21%        N/A       3%          3
 Fulminant Prism          Conj/Alch      7%         3d7       6%          4
 Jinxbite                 Hex            14%        N/A       10%         2
 Swiftness                Air            12%        N/A       10%         3
 Manifold Assault         Tloc           21%        N/A       12%         4
 Passage of Golubria      Tloc           21%        N/A       12%         4
 Passwall                 Erth           7%         N/A       19%         3
 Tukima's Dance           Hex            7%         N/A       19%         3
 Vhi's Electric Charge    Tloc/Air       34%        N/A       19%         4
 Yara's Violent Unravell  Hex/Alch       4%         3d4       30%         5
 Starburst                Conj/Fire      8%         6d4       47%         6
 Maxwell's Capacitive Co  Air            6%         ∞         99%         8
 Enfeeble                 Hex            3%         N/A       100%        7


Dungeon Overview and Level Annotations

Branches:
Dungeon (12/15)            Temple (1/1) D:5            Lair (0/5) D:10
    Orc (0/2) D:10

Altars:
Ashenzari
Cheibriados
Dithmenos
Elyvilon
Fedhas
Gozag
Hepliaklqana
Kikubaaqudgha
Makhleb
Nemelex Xobeh
Okawaru
Qazlal
Ru
Sif Muna
Trog
Uskayaw
Vehumet
Wu Jian
Xom
Yredelemnul
Zin
The Shining One

Shops:
D:4 *   D:8 (   D:10 *   D:11 !

Annotations:
D:8 2 transporters, redpenguiin's ghost, novice GrMo
D:10 exclusion: oklob plant, Urug
D:11 2 runed translucent doors


Innate Abilities, Weirdness & Mutations

You have razor-sharp teeth.
Your natural rate of healing is unusually fast.
When hurt, damage is shared between your health and your magic reserves.
Your bite disrupts and absorbs the magic of your enemies.
Potions cannot restore your health.
You cannot voluntarily change form.


Message History

a - a +0 long sword (weapon)
Okay, then.
Casting: Frozen Ramparts (safe; 1% risk of failure)
Confirm with . or Enter, or press ? or * to list all spells.
Flames lash the freezing wraith but do no damage.
Casting: Scorch (safe; 1% risk of failure)
Confirm with . or Enter, or press ? or * to list all spells.
Flames lash the freezing wraith.
The freezing wraith is burned terribly!
The freezing wraith is lightly damaged.
The freezing wraith's fire resistance burns away.
You hear two shouts!
Casting: Scorch (safe; 1% risk of failure)
Confirm with . or Enter, or press ? or * to list all spells.
Flames lash the freezing wraith but do no damage.
You block the freezing wraith's attack.
The freezing wraith hits you but does no damage.
Casting: Scorch (safe; 1% risk of failure)
Confirm with . or Enter, or press ? or * to list all spells.
Flames lash the freezing wraith.
The freezing wraith is burned terribly!
The freezing wraith is lightly damaged.
The freezing wraith hits you. The freezing wraith freezes you!
The freezing wraith hits you. The freezing wraith drains your vigour!
You feel yourself slow down.
Casting: Scorch (safe; 1% risk of failure)
Confirm with . or Enter, or press ? or * to list all spells.
Flames lash the freezing wraith.
The freezing wraith is burned terribly!
The freezing wraith is moderately damaged.
The freezing wraith hits you! The freezing wraith freezes you!!
* * * LOW HITPOINT WARNING * * *
You block the freezing wraith's attack. The freezing wraith closely misses you.
You block the freezing wraith's attack.
Casting: Scorch (safe; 1% risk of failure)
Confirm with . or Enter, or press ? or * to list all spells.
Flames lash the orc warrior.
The orc warrior is lightly wounded.
The orc warrior's fire resistance burns away.
You block the orc warrior's attack. The freezing wraith hits you!
* * * LOW HITPOINT WARNING * * *
The freezing wraith freezes you!!
You die...

...#...# ...8......#.......#
...#...# .....!...+.......#
...#...#####..?[)..#####...#
...#.......'...[.......#...#
...#.......#......8....#...#
...#.......#.8........o#...#
...#####...#...#o#######...#
.o.....#...#...#W..........# ...
.......#...#.W.#@..........# ...
....#..#...#...#...........####..
....#..#...#####...######+##..#..
....#..#...........#..........#..
....#..'...........#..........#..
....#..#)..........#..........#..
..(.#..#############...#..##.....
#####...# ######..#.##.#.##
#...<........ #................


You could see a freezing wraith (combustible) and an orc warrior (combustible).

Vanquished Creatures
  Erolcha (D:9)
  A cyclops (D:11)
  A manticore (D:12)
  2 ugly things (D:12)
  A gargoyle (D:10)
  Psyche (D:8)
  3 trolls (D:12)
  3 hornets
  Prince Ribbit (D:9)
  3 shadows
  A wraith (D:9)
  2 wyverns
  7 yaks
  3 vampire mosquitoes (D:12)
  A steam dragon (D:9)
  A water moccasin (D:7)
  3 sky beasts
  3 ice beasts
  3 orc warriors
  A boggart (D:9)
  2 ogres
  3 centaurs
  A phantom (D:6)
  A kobold brigand (D:9)
  2 scorpions (D:6)
  2 gnoll sergeants (D:6)
  3 bullfrogs
  10 killer bees (D:9)
  4 howler monkeys
  2 hounds (D:6)
  A bombardier beetle (D:5)
  5 orc priests
  Crazy Yiuf (D:4)
  3 gnoll boudas
  4 sleepcaps
  An iguana (D:7)
  10 orc wizards
  19 gnolls
  9 adders
  3 dart slugs
  33 orcs
  8 endoplasms
  A giant cockroach (D:4)
  5 hobgoblins
  6 jackals
  4 quokkas
  4 ball pythons
  6 bats
  2 frilled lizards
  8 goblins
  9 kobolds
  4 rats
218 creatures vanquished.

Notes
Turn   | Place    | Note
-------+----------+-------------------------------------------
     0 | D:1      | Esekla the Vine Stalker Warper began the quest for the Orb.
     0 | D:1      | Reached XP level 1. HP: 11/11 MP: 4/4
   164 | D:1      | Reached XP level 2. HP: 15/15 MP: 3/6
   199 | D:1      | Learned a level 2 spell: Blink
   351 | D:1      | Found a faded altar of an unknown god.
   367 | D:1      | Prayed at the altar of an unknown god.
   367 | D:1      | Became a worshipper of Ru the Awakened
   374 | D:1      | Gained mutation: You cannot voluntarily change form. [Ru
                  | sacrifice]
   612 | D:2      | Reached skill level 1 in Armour
   612 | D:2      | Reached XP level 3. HP: 18/18 MP: 8/8
   720 | D:2      | Found a white marble altar of Elyvilon.
  1327 | D:1      | Reached XP level 4. HP: 23/23 MP: 9/9
  2043 | D:4      | Found a runed translucent door.
  2044 | D:4      | Noticed Crazy Yiuf
  2182 | D:3      | Reached skill level 1 in Stealth
  2182 | D:3      | Reached XP level 5. HP: 27/27 MP: 10/10
  2406 | D:2      | Reached skill level 3 in Spellcasting
  2761 | D:4      | Identified the +6 halberd of the Shoals {speed, Stlth+}
  2809 | D:4      | Found Lefruhel's General Store.
  2817 | D:4      | Bought a scroll of noise for 14 gold pieces
  2872 | D:4      | Reached XP level 6. HP: 27/32 MP: 8/11
  2891 | D:5      | Entered Level 5 of the Dungeon
  2926 | D:5      | Learned a level 3 spell: Frozen Ramparts
  2963 | D:4      | HP: 1/32 [gnoll/+0 halberd (12)]
  3377 | D:5      | Found a staircase to the Ecumenical Temple.
  3384 | Temple   | Entered the Ecumenical Temple
  3394 | Temple   | Fell from the grace of Ru
  3394 | Temple   | Became a worshipper of Vehumet
  3503 | D:5      | Reached skill level 1 in Throwing
  3503 | D:5      | Reached XP level 7. HP: 29/36 MP: 5/12
  3997 | D:4      | Killed Crazy Yiuf
  4095 | D:4      | Reached skill level 1 in Ice Magic
  4576 | D:6      | Reached skill level 4 in Spellcasting
  4635 | D:6      | Found a broken altar of Ashenzari.
  4887 | D:6      | Gained mutation: You have razor-sharp teeth. [Vine Stalker
                  | growth]
  4887 | D:6      | Reached XP level 8. HP: 39/42 MP: 12/15
  5493 | D:7      | Reached skill level 1 in Shields
  5567 | D:6      | Reached skill level 5 in Spellcasting
  5616 | D:7      | Reached XP level 9. HP: 45/46 MP: 10/17
  5617 | D:7      | Reached * piety under Vehumet
  5617 | D:7      | Offered knowledge of Shock by Vehumet.
  6332 | D:8      | Noticed redpenguiin's ghost (novice GrMo)
  6334 | D:8      | Noticed a two-headed ogre
  6345 | D:8      | Noticed Psyche
  6349 | D:8      | Reached skill level 5 in Long Blades
  6354 | D:8      | Killed Psyche
  6355 | D:8      | Noticed a hornet
  6366 | D:8      | Killed a hornet
  6367 | D:8      | Reached skill level 6 in Spellcasting
  6408 | D:8      | Learned a level 4 spell: Iskenderun's Mystic Blast
  6432 | D:8      | Found Tifyodwe's Weapon Boutique.
  6461 | D:8      | Found a transporter.
  6514 | D:8      | Found a transporter.
  6901 | D:9      | Reached skill level 5 in Fighting
  6962 | D:9      | Reached skill level 1 in Conjurations
  6964 | D:9      | Reached skill level 5 in Ice Magic
  6965 | D:9      | Reached XP level 10. HP: 51/51 MP: 20/20
  7053 | D:9      | Noticed Prince Ribbit
  7058 | D:9      | Killed Prince Ribbit
  7069 | D:9      | Reached skill level 7 in Spellcasting
  7082 | D:9      | Identified the +1 ring mail "Ubulenit" {Rampage *Corrode
                  | Str+4 Dex+2}
  7139 | D:9      | Reached ** piety under Vehumet
  7141 | D:9      | Offered knowledge of Kiss of Death by Vehumet.
  7508 | D:9      | Paralysed by a hornet for 3 turns
  7512 | D:9      | Paralysed by a hornet for 1 turns
  7514 | D:9      | Paralysed by a hornet for 2 turns
  7759 | D:9      | Found a hide-covered altar of Uskayaw.
  7792 | D:9      | Found a shimmering blue altar of Sif Muna.
  7948 | D:9      | Noticed Erolcha
  7959 | D:9      | Killed Erolcha
  7987 | D:9      | Offered knowledge of Scorch by Vehumet.
  8037 | D:9      | Found a shadowy altar of Dithmenos.
  8053 | D:9      | Learned a level 2 spell: Scorch
  8165 | D:10     | Entered Level 10 of the Dungeon
  8173 | D:10     | Found Rujoogui's Assorted Antiques.
  8210 | D:10     | Reached *** piety under Vehumet
  8250 | D:10     | Reached XP level 11. HP: 54/56 MP: 13/23
  8321 | D:10     | Bought a scroll labelled NETHAE NUSI for 27 gold pieces
  8456 | D:10     | Found a staircase to the Lair.
  8458 | D:10     | Noticed an oklob plant
  8607 | D:10     | Found a staircase to the Orcish Mines.
  8620 | D:10     | Noticed Urug
  8880 | D:11     | Found a runed translucent door.
  8904 | D:11     | Paralysed by a hornet for 2 turns
  9110 | D:11     | Noticed a cyclops
  9177 | D:11     | Found a runed translucent door.
  9184 | D:11     | Noticed a cyclops
  9204 | D:11     | Killed a cyclops
  9205 | D:11     | Reached skill level 8 in Spellcasting
  9205 | D:11     | Reached skill level 1 in Fire Magic
  9275 | D:11     | Noticed a skeletal warrior
  9295 | D:12     | Noticed a red ugly thing
  9314 | D:12     | Killed a red ugly thing
  9373 | D:12     | Identified the +0 leather armour of Liotaiv {Rampage}
  9458 | D:12     | Offered knowledge of Sticky Flame by Vehumet.
  9464 | D:12     | Learned a level 4 spell: Sticky Flame
  9622 | D:12     | Noticed a brown ugly thing
  9636 | D:12     | Killed a brown ugly thing
  9642 | D:12     | Noticed a manticore
  9684 | D:12     | Killed a manticore
 10043 | D:12     | Found an iron altar of Okawaru.
 10207 | D:11     | Found Kokexili's Distillery.
 10295 | D:10     | Found the crystal ball of Wucad Mu {*channel}
 10344 | D:10     | Reached skill level 1 in Air Magic
 10448 | D:10     | Reached skill level 1 in Alchemy
 10490 | D:10     | Noticed a two-headed ogre
 10500 | D:10     | Mangled by a freezing wraith

Illustrated notes

Levels and vault maps discovered:
D:1:      psy_arrival_radial01, layout_basic, hellmonk_ecumenical_altar_blasted,
          minmay_misc_feat_cross
D:2:      layout_loops_cross, serial_rivers, chequers_serial_rivers_room_b,
          chequers_serial_rivers_room_b, chequers_serial_rivers_micro_c,
          chequers_serial_rivers_small_3, basic_altar
D:3:      layout_loops_ring, chequers_avenue
D:4:      layout_rooms, serial_shops, shop, eino_tiny_chamber,
          uniq_crazy_yiuf_cottage
D:5:      layout_rooms, temple_doors_ab
D:6:      layout_basic, cheibrodos_ashenzari_chains
D:7:      layout_loops_cross, serial_glass, glass_columns_a, glass_columns_c,
          serial_library_hellmonk_semicircle
D:8:      layout_rooms, serial_shops, shop, gammafunk_ghost_arena,
          chequers_serial_rivers_room_b, uniq_psyche
D:9:      layout_roguey, mainiacjoe_overflow_catwalk_spiral,
          grunt_dithmenos_shadows, lightli_fourway_metalbox, uniq_erolcha,
          uniq_prince_ribbit1
D:10:     kennysheep_blocky_room, layout_grid_maze, dpeg_oklobed_lair,
          orc_0_dummy, serial_shops, nicolae_shop_peninsula,
          hangedman_abyss_or_decor_lesser_grid, uniq_urug
D:11:     cheibrodos_histonic, layout_basic, serial_shops, shop, uniq_harold,
          uniq_maurice
D:12:     layout_small_grid, okawaru_ov_weapons_minmay
Temple:   mainiacjoe_temple_bowtie_tessellation

Skill      XL: |  1  2  3  4  5  6  7  8  9 10 11 |
---------------+----------------------------------+-----
Fighting       | 2 3 4 5 6 |  6.3
Armour         | 1 2 3 |  3.6
Long Blades    | 2 3 4 5 6 |  6.6
Dodging        | 2 3 4 |  4.3
Stealth        | 1 2 |  2.6
Spellcasting   | 3 4 5 6 7 8 |  8.6
Throwing       | 1 2 3 |  3.2
Ice Magic      | 1 3 5 |  5.9
Translocations | 4 |  4.1
Shields        | 1 3 4 |  4.2
Conjurations   | 1 3 4 |  4.0
Fire Magic     | 2 |  2.2
Air Magic      | 1 |  1.6
Alchemy        | 1 |  1.0

Action                     |  1- 3 |  4- 6 |  7- 9 | 10-12 || total
---------------------------+-------+-------+-------+-------++-------
  Melee: Falchion          |   101 |   215 |   189 |   132 ||   637
         Bite              |    22 |    50 |    61 |    95 ||   228
         Punch             |     1 |     1 |       |       ||     2
         Dagger            |     1 |     1 |       |       ||     2
         Long sword        |       |       |       |    91 ||    91
  Throw: Dart              |     1 |    16 |    14 |    11 ||    42
         Boomerang         |       |     8 |    27 |     8 ||    43
   Cast: Blink             |       |     3 |     2 |     1 ||     6
         Frozen Ramparts   |       |       |    37 |    29 ||    66
         Scorch            |       |       |       |    16 ||    16
         Iskenderun's Myst |       |       |       |     4 ||     4
 Invoke: Sacrifice Forms   |     1 |       |       |       ||     1
    Use: Scroll            |       |       |     1 |     9 ||    10
         Potion            |       |       |       |     2 ||     2
   Stab: Sleeping          |     1 |     1 |       |       ||     2
 Armour: Leather armour    |    59 |   149 |   122 |   228 ||   558
  Dodge: Dodged            |    68 |   137 |    91 |   141 ||   437
  Block: Other             |       |       |     4 |       ||     4
         Buckler           |       |       |     9 |    89 ||    98
         Reflection        |       |       |       |     3 ||     3
